Map: Emerald City LE

Players

OpuS - Winner!

  • Race: Protoss Protoss
  • Spawn Location: 11:00

Sketchaphone - Winner!

  • Race: Zerg Zerg
  • Spawn Location: 11:00

orion

  • Race: Zerg Zerg
  • Spawn Location: 5:00

Dwyerdorf

  • Race: Terran Terran
  • League: Gold
  • Spawn Location: 5:00

VOD

Have the link to the VOD?

Description

Time

  • Played on: Jan. 22, 2019, 6:44 p.m.
  • Length: 16:28
Show
View Real Time Build Order
Export as new Build Order

OpuS Protoss - Winner!

Build Orders: 1 Gate Expand 

Get SALT Encoding   

  12  0:01  Probe  
  13  0:13  Probe  
  14  0:19  Pylon  
  14  0:25  Probe  
  15  0:33  Probe  
  15  0:41  Probe  
  16  0:43  Gateway  
  17  1:02  Probe  
  17  1:03  Assimilator  
  17  1:10  Probe  
  19  1:22  Nexus  
  19  1:30  Pylon  
  19  1:37  Cybernetics Core  
  19  1:43  Probe  
  20  1:54  Forge  
  20  2:14  Adept  
  20  2:15  Warp Gate  
  21  2:22  Gateway  
  21  2:24  Probe  
  22  2:32  Shield Battery  
  22  2:35  Probe  
  23  2:37  Shield Battery  
  23  2:43  Pylon  
  23  2:47  Probe x2  
  25  2:52  Sentry  
  27  2:59  Assimilator  
  27  3:02  Probe  
  27  3:03  Probe  
  29  3:15  Photon Cannon  
  29  3:22  Pylon  
  29  3:25  Photon Cannon  
  30  3:27  Probe x2  
  31  3:36  Adept  
  31  3:37  Adept  
  31  3:39  Probe  
  36  3:46  Probe  
  37  3:51  Probe  
  38  3:59  Probe  
  39  4:03  Probe  
  39  4:07  Pylon  
  40  4:21  Twilight Council  
  40  4:25  Adept, Gateway  
  40  4:27  Adept  
  40  4:28  Gateway  
  44  4:39  Probe x2  
  46  4:51  Probe x2  
  46  4:52  Shield Battery  
  48  4:54  Shield Battery  
  48  4:55  Adept  
  48  4:56  Adept  
  52  5:13  Probe x2  
  54  5:16  Assimilator  
  54  5:20  Assimilator  
  54  5:33  Charge  
  50  5:40  Stalker x2  
  50  5:41  Stalker x2  
  50  5:42  Probe x2  
  60  5:54  Probe x2  
  62  6:00  Pylon  
  62  6:02  Pylon  
  62  6:04  Pylon  
  62  6:06  Pylon  
  62  6:14  Nexus  
  62  6:16  Pylon  
  62  6:32  Templar Archives  
  52  6:37  Probe x2  
  54  6:41  Zealot x4  
  54  6:46  Gateway  
  62  6:49  Probe, Gateway  
  62  6:51  Gateway  
  63  6:55  Gateway  
  63  7:06  Probe x2  
  65  7:09  Psionic Storm  
  65  7:12  Robotics Facility  
  65  7:17  High Templar  
  65  7:18  High Templar  
  65  7:19  High Templar x2  
  73  7:24  Probe  
  73  7:25  Probe  
  73  7:26  Probe  
  73  7:29  Protoss Ground Weapons Level 1  
  76  7:36  Probe  
  77  7:46  Adept x3  
  83  7:58  High Templar x2  
  85  7:59  Zealot  
  85  8:00  Zealot x2  
  85  8:05  Forge  
  93  8:08  Forge  
  93  8:09  Pylon  
  93  8:10  Probe  
  93  8:11  Pylon  
  95  8:12  Observer  
  95  8:13  Pylon  
  95  8:17  High Templar  
  95  8:18  Zealot x2  
  101  8:22  Probe x3  
  101  8:26  Pylon  
  104  8:28  Pylon, Protoss Ground Armor Level 1  
  104  8:31  Protoss Shields Level 1  
  104  8:35  Probe x2  
  104  8:36  Probe  
  107  8:47  Zealot x2  
  111  8:49  Zealot  
  113  8:58  Assimilator  
  113  8:59  Probe x3  
  113  9:02  Assimilator  
  116  9:11  Probe x2  
  116  9:16  Observer  
  119  9:24  High Templar x3  
  123  9:25  Zealot  
  123  9:26  Zealot x4  
  131  10:02  Archon  
  105  10:17  Stalker  
  105  10:18  Stalker x5  
  92  10:41  Zealot x4  
  92  10:42  Zealot x4  
  108  10:49  Protoss Shields Level 2  
  108  10:50  Protoss Ground Armor Level 2  
  108  10:52  Protoss Ground Weapons Level 2  
  108  11:04  Gateway  
  108  11:05  Zealot  
  108  11:06  Zealot x5, Gateway  
  108  11:07  Zealot x2  
  108  11:09  Gateway  
  124  11:13  Gateway  
  124  11:30  Nexus  
  124  11:32  Pylon  
  124  11:35  Pylon  
  124  11:36  Pylon  
  124  11:37  Pylon  
  124  11:39  Assimilator  
  124  11:40  Pylon  
  124  11:43  Pylon  
  124  11:44  Assimilator  
  124  11:48  Pylon  
  124  11:49  Zealot x5  
  124  11:50  Zealot x3  
  140  12:08  Photon Cannon  
  140  12:10  Photon Cannon  
  140  12:12  Photon Cannon  
  140  12:15  Photon Cannon  
  140  12:16  Photon Cannon  
  140  12:18  High Templar x5, Photon Cannon  
  140  12:19  High Templar x4  
  140  12:20  Zealot x2  
  132  13:09  Protoss Shields Level 3  
  132  13:10  Archon  
  132  13:11  Archon x3  
  132  13:12  Archon x2  
  106  13:16  Zealot x5, Protoss Ground Weapons Level 3  
  106  13:17  Zealot x6, Protoss Ground Armor Level 3  
  106  13:18  Zealot  
  106  13:19  Probe x4  
  124  13:31  Probe x2  
  112  13:39  Probe  
  112  13:40  Probe  
  110  13:43  Zealot x2, Probe x2  
  110  13:44  Zealot x4  
  110  14:00  Gateway  
  110  14:02  Gateway  
  110  14:03  Gateway  
  110  14:05  Gateway  
  108  14:15  Probe x3  
  108  14:16  Probe  
  110  14:18  High Templar x2  
  110  14:19  High Templar x4  
  110  14:20  High Templar x2  
  120  14:43  Zealot x2  
  120  14:44  Zealot x2  
  114  14:54  High Templar x3  
  114  14:55  High Templar x2  
  114  14:57  Zealot x3  
  114  14:58  Nexus, Zealot  
  126  15:00  Zealot, Pylon  
  126  15:02  Pylon  
  126  15:04  Pylon  
  126  15:07  Zealot, Assimilator  
  126  15:08  Zealot x2  
  126  15:09  High Templar  
  126  15:10  High Templar  
  126  15:12  Zealot, Assimilator  
  136  15:21  Probe x3  
  139  15:46  Zealot x4  
  139  15:47  Zealot x6  
  139  15:48  Zealot x3  
  163  15:51  Zealot  
  151  16:19  Archon x4  
Show
View Real Time Build Order
Export as new Build Order

Sketchaphone Zerg - Winner!

Build Orders: Hatch First 

Get SALT Encoding   

  12  0:01  Drone  
  13  0:12  Overlord  
  13  0:20  Drone  
  14  0:24  Drone, Extractor  
  15  0:34  Drone  
  15  0:35  Drone  
  17  0:59  Hatchery  
  17  1:03  Drone  
  17  1:07  Drone, Extractor  
  17  1:21  Spawning Pool  
  16  1:34  Drone  
  17  1:41  Drone  
  17  1:42  Drone  
  19  1:49  Drone  
  20  1:58  Overlord  
  20  2:10  Queen  
  20  2:15  Spine Crawler  
  21  2:16  Metabolic Boost  
  21  2:25  Roach Warren  
  21  2:28  Drone  
  21  2:31  Drone  
  21  2:33  Drone  
  21  2:35  Zergling x2  
  24  2:52  Zergling x4  
  26  3:00  Overlord  
  26  3:05  Drone x2  
  28  3:06  Roach  
  28  3:07  Roach  
  32  3:14  Queen  
  34  3:33  Spine Crawler  
  32  3:49  Drone  
  32  3:52  Lair, Drone x2  
  32  3:53  Drone  
  36  4:21  Overlord  
  36  4:24  Overlord  
  36  4:35  Overlord x2  
  34  4:54  Overlord  
  34  4:56  Roach x4  
  34  4:57  Roach x5  
  52  5:13  Drone  
  49  5:41  Glial Reconstitution  
  47  5:44  Drone x2  
  47  5:45  Drone  
  47  5:46  Drone x5, Extractor  
  54  5:54  Queen  
  54  5:56  Queen  
  58  6:06  Hatchery  
  57  6:16  Drone x3  
  60  6:47  Overlord x4  
  60  6:52  Evolution Chamber  
  60  6:53  Evolution Chamber  
  58  6:56  Spore Crawler  
  58  7:00  Drone x3  
  58  7:01  Overlord, Spore Crawler  
  59  7:04  Drone  
  60  7:19  Zerg Ground Armor Level 1  
  60  7:20  Zerg Missile Weapons Level 1  
  60  7:24  Hatchery  
  60  7:26  Extractor  
  60  7:27  Extractor  
  60  7:29  Queen, Hydralisk Den  
  58  7:30  Drone x2  
  58  7:32  Pneumatized Carapace  
  60  7:41  Drone  
  60  7:42  Spore Crawler, Drone x2  
  60  7:43  Zergling x6  
  65  8:04  Overlord  
  63  8:08  Grooved Spines  
  63  8:10  Roach x3, Hydralisk x2  
  63  8:11  Hydralisk  
  74  8:45  Burrow  
  74  8:46  Zergling x26  
  74  8:47  Infestation Pit  
  86  8:59  Overlord  
  86  9:05  Drone x8  
  86  9:09  Queen  
  75  10:05  Roach x4  
  75  10:06  Roach x11  
  103  10:08  Zerg Ground Armor Level 2  
  103  10:13  Tunneling Claws  
  91  10:49  Hydralisk x3  
  93  10:50  Infestor x2  
  93  10:54  Drone x3  
  111  11:06  Hive  
  111  11:13  Drone  
  111  11:14  Overlord x3  
  111  11:18  Drone, Extractor  
  112  11:19  Drone, Extractor  
  112  11:21  Overlord  
  112  11:30  Pathogen Glands  
  112  11:36  Overlord, Extractor  
  112  11:37  Extractor  
  112  11:38  Drone  
  112  11:39  Drone x2  
  113  11:40  Drone x3  
  116  13:03  Zergling x14  
  116  13:04  Zergling x30  
  138  13:09  Zergling x6  
  137  13:13  Drone  
  137  13:18  Zerg Missile Weapons Level 2  
  118  13:21  Lurker Den  
  118  13:23  Ultralisk Cavern  
  110  13:31  Zergling x14  
  115  13:44  Zergling x26  
  115  13:47  Adrenal Glands  
  115  13:48  Overlord  
  123  13:50  Muscular Augments  
  110  14:12  Ultralisk x3  
  110  14:13  Ultralisk x3  
  144  14:18  Chitinous Plating  
  140  14:31  Drone x7  
  140  14:35  Drone  
  140  14:38  Drone x3  
  150  15:06  Hydralisk x5  
  154  15:08  Overlord x2  
  154  15:09  Overlord, Drone  
  143  15:43  Zergling x30  
  156  15:58  Hydralisk x4  
Show
View Real Time Build Order
Export as new Build Order

orion Zerg 

Build Orders: Pool First 

Get SALT Encoding   

  12  0:02  Drone  
  13  0:13  Overlord  
  13  0:20  Drone  
  14  0:32  Drone x2  
  14  0:35  Drone  
  17  0:48  Spawning Pool  
  16  0:52  Extractor  
  16  0:55  Drone  
  16  0:56  Drone  
  17  1:11  Drone  
  18  1:24  Overlord  
  18  1:31  Drone  
  19  1:36  Queen  
  21  1:52  Hatchery  
  20  2:01  Metabolic Boost  
  20  2:03  Drone x2  
  20  2:06  Zergling x2  
  23  2:31  Extractor  
  23  2:32  Lair  
  22  2:44  Overlord  
  22  2:47  Zergling x2  
  22  2:48  Zergling x4  
  25  2:53  Baneling Nest  
  24  3:09  Drone x3  
  24  3:10  Drone  
  28  3:14  Queen  
  30  3:39  Drone x4  
  30  3:40  Drone x2  
  36  3:59  Overseer  
  36  4:04  Drone x2  
  36  4:05  Queen, Drone x2  
  36  4:07  Overlord  
  42  4:12  Centrifical Hooks  
  42  4:22  Drone  
  42  4:23  Overlord  
  43  4:38  Drone x4  
  46  4:39  Zergling x6  
  46  4:45  Zergling x6  
  53  4:49  Overlord  
  53  5:17  Zergling x4  
  53  5:19  Extractor  
  52  5:24  Roach Warren  
  48  5:30  Hydralisk Den, Drone x3  
  48  5:31  Drone  
  46  5:50  Hatchery  
  45  5:58  Evolution Chamber  
  45  6:00  Overlord, Evolution Chamber  
  45  6:03  Hydralisk  
  43  6:04  Hydralisk x8  
  57  6:35  Hydralisk x8  
  73  6:45  Zergling x6  
  76  6:49  Overseer  
  76  7:02  Zergling x10  
  81  7:27  Drone  
  81  7:29  Overlord x4  
  82  7:43  Extractor  
  81  7:46  Queen  
  83  7:53  Zerg Missile Weapons Level 1, Zerg Ground Armor Level 1  
  83  7:56  Grooved Spines  
  83  8:15  Drone x4  
  83  8:16  Drone x2  
  83  8:17  Overlord  
  89  8:22  Zergling x10  
  94  8:37  Zergling x10  
  99  8:51  Spine Crawler  
  99  8:52  Spine Crawler  
  97  9:07  Drone  
  97  9:08  Drone x4  
  97  9:09  Overlord x3  
  102  9:25  Hydralisk x3  
  102  9:26  Zergling x2  
  102  9:27  Zergling x16  
  89  10:05  Zergling x2  
  89  10:06  Zergling x16  
  63  10:15  Zergling x4  
  49  10:29  Zergling x2  
  49  10:30  Zergling x2  
  43  10:45  Zerg Ground Armor Level 2  
  43  10:47  Zerg Melee Weapons Level 1  
  43  10:49  Muscular Augments  
  42  11:09  Hatchery  
  41  11:22  Drone x2  
  43  11:32  Hydralisk  
  43  11:33  Hydralisk x9  
  63  11:53  Overseer  
  63  12:03  Hydralisk  
  63  12:04  Hydralisk x5  
  75  12:38  Hatchery  
  74  12:48  Hydralisk  
  74  12:49  Hydralisk x6  
  72  13:12  Hydralisk x4  
  64  13:18  Zergling x2  
  64  13:19  Zergling x4  
  67  13:31  Zergling x2  
  67  13:32  Zergling x8  
  71  13:48  Zergling x10  
  65  13:50  Zergling x2  
  65  13:53  Zergling x2  
  65  13:58  Zergling x2  
  65  14:00  Zergling x2  
  44  14:22  Zergling x8  
  32  14:47  Zergling x2  
  32  14:48  Zergling x8  
  26  15:21  Drone x4  
  21  15:59  Hydralisk x3  
  21  16:00  Hydralisk  
Show
View Real Time Build Order
Export as new Build Order

Dwyerdorf Terran 

Build Orders:  

Get SALT Encoding   

  12  0:01  SCV  
  13  0:18  Supply Depot, SCV  
  14  0:30  SCV  
  15  0:42  Barracks, SCV  
  16  0:54  SCV  
  17  1:07  Barracks  
  17  1:10  Barracks, SCV  
  18  1:20  Supply Depot  
  18  1:22  SCV  
  19  1:30  Marine  
  20  1:34  SCV  
  21  1:47  Marine  
  21  1:48  Refinery  
  22  1:54  Refinery  
  22  1:57  Orbital Command  
  22  2:04  Marine x2  
  22  2:05  Marine  
  25  2:23  SCV  
  26  2:48  Marine x2  
  28  2:57  SCV  
  28  2:58  Command Center  
  29  3:01  Factory  
  29  3:06  Marine  
  29  3:10  SCV  
  31  3:19  Marine  
  31  3:21  Barracks Tech Lab  
  32  3:27  Marine  
  33  3:48  Marine x2  
  35  4:06  Factory Tech Lab, Marine  
  35  4:08  Stimpack  
  36  4:32  Barracks Reactor x2  
  36  4:47  SCV  
  36  4:50  Refinery  
  37  4:57  Starport  
  37  4:59  SCV  
  38  5:01  Starport  
  38  5:02  Engineering Bay, Marauder  
  40  5:11  SCV  
  36  5:23  SCV  
  36  5:24  Marauder  
  36  5:35  SCV  
  36  5:39  Marine  
  36  5:40  Marine x3  
  36  5:44  Starport Reactor  
  36  5:45  Marauder  
  36  5:48  Starport Tech Lab  
  38  5:53  SCV  
  38  5:54  SCV  
  40  5:57  Marine x2  
  42  6:05  SCV  
  42  6:07  Marauder  
  42  6:09  Concussive Shells  
  42  6:10  Siege Tank  
  48  6:17  SCV  
  49  6:28  Marauder  
  49  6:29  SCV  
  52  6:37  SCV  
  53  6:41  Refinery  
  53  6:42  SCV  
  54  6:49  Rapid Reignition System  
  54  6:51  Combat Shield  
  54  6:52  Supply Depot  
  54  7:09  Orbital Command  
  54  7:13  Banshee, SCV  
  54  7:14  Marauder  
  60  7:26  SCV  
  61  7:30  Siege Tank  
  61  7:34  Supply Depot  
  61  7:36  Neosteel Armor, Supply Depot x2  
  64  7:38  SCV  
  64  7:42  SCV  
  66  7:45  Cloaking Field  
  66  7:50  SCV  
  67  7:55  Missile Turret  
  67  7:56  Banshee, Supply Depot  
  67  7:57  Missile Turret  
  70  8:01  Command Center  
  70  8:17  Medivac x2  
  74  8:23  SCV x2  
  78  8:35  Armory, SCV  
  78  8:37  Widow Mine  
  79  8:47  Viking x2  
  83  8:59  Widow Mine  
  85  9:06  Marine x4  
  85  9:07  Marauder  
  91  9:15  Supply Depot  
  91  9:16  Terran Infantry Weapons Level 1, Supply Depot  
  91  9:23  Armory, Marine  
  91  9:24  Marine  
  92  9:27  Banshee  
  92  9:29  Marauder  
  98  9:39  Supply Depot  
  82  10:15  Marine  
  82  10:16  Marine x3  
  82  10:18  Marauder  
  84  10:33  Marine x4  
  77  10:38  Siege Tank  
  77  10:39  Marauder  
  78  10:51  Marine x4  
  78  10:53  Drilling Claws  
  82  11:00  Marauder  
  84  11:09  Marine x4, Viking x2  
  95  11:16  Widow Mine  
  94  11:22  Marauder  
  96  11:26  Marine  
  96  11:27  Marine x3  
  96  11:29  Planetary Fortress  
  100  11:34  Missile Turret x2  
  100  11:36  Missile Turret x2  
  100  11:39  Viking x2  
  104  11:43  Marauder  
  106  11:50  Marine x3  
  106  11:51  Marine  
  110  12:03  Refinery  
  110  12:04  Refinery  
  110  12:05  Marauder  
  110  12:08  Marine  
  112  12:09  Medivac x2  
  112  12:14  Marine x3  
  120  12:17  Terran Infantry Weapons Level 2  
  120  12:26  Marauder, Marine  
  123  12:32  Marine  
  121  12:47  Marauder  
  84  13:06  Marine  
  84  13:07  Marine x3  
  84  13:09  Marauder  
  63  13:24  Marine x3  
  63  13:25  Marine  
  60  13:30  Marauder  
  53  13:42  Marine x4  
  57  13:51  Marauder  
  57  13:55  Terran Vehicle And Ship Armor Level 1  
  59  14:00  Marine x3  
  45  14:11  Marine  
  45  14:13  Marauder  
  44  14:18  Marine x3  
  47  14:29  Marine  
  34  14:33  Terran Infantry Armor Level 1  
  34  14:34  Marauder  
  34  14:35  Marine  
  34  14:36  Marine x2  
  22  14:47  Marine  
  23  14:53  Marine x2  
  23  14:54  Marine  
  23  14:56  Marauder  
  28  15:05  Marine  
  28  15:17  Marauder  
  30  15:22  Widow Mine  
  32  15:38  Marauder  
  32  15:43  Widow Mine  
  31  15:59  Marine x4  
  31  16:00  Marauder  
Tags
 
Add a new tag
Caveats
  • Supply blocks, unpowered buildings, or Contaminate may cause inaccurate times.
  • Supply counts are checked every 10 seconds.